Map: Ever Dream LE

Players

JohnnyV

  • Race: Terran Terran
  • League: Silver
  • Spawn Location: 7:00

blue - Winner!

  • Race: Protoss Protoss
  • League: Silver
  • Spawn Location: 1:00

VOD

Have the link to the VOD?

Description

Time

  • Played on: May 6, 2020, 9:41 p.m.
  • Length: 9:47
Show
View Real Time Build Order
Export as new Build Order

JohnnyV Terran 

Build Orders:  

Get SALT Encoding   

  12  0:01  SCV  
  13  0:13  SCV  
  14  0:17  Supply Depot  
  14  0:26  Refinery  
  14  0:27  SCV  
  15  0:39  SCV  
  16  0:45  Barracks  
  16  0:54  SCV  
  17  1:06  SCV  
  18  1:18  SCV  
  19  1:30  SCV  
  20  1:37  Reaper  
  20  1:38  Supply Depot  
  21  1:44  Refinery  
  21  1:46  Orbital Command  
  21  2:00  Bunker  
  21  2:11  Barracks Reactor  
  21  2:16  Factory  
  21  2:49  Marine x2  
  23  3:04  Command Center  
  23  3:07  Factory Tech Lab  
  23  3:08  Marine x2  
  25  3:26  Marine  
  26  3:28  Siege Tank  
  26  3:30  Marine  
  30  3:39  Supply Depot  
  30  3:42  Starport  
  30  3:48  Marine x2  
  31  4:06  Siege Tank  
  34  4:10  SCV  
  34  4:12  Engineering Bay  
  35  4:20  Fusion Core  
  35  4:23  SCV  
  36  4:24  Orbital Command  
  36  4:28  Refinery  
  36  4:30  Marine  
  37  4:35  SCV  
  41  4:46  Cyclone  
  41  4:47  SCV  
  41  4:50  Liberator  
  45  5:12  Marine  
  45  5:13  Marine  
  47  5:16  Terran Infantry Armor Level 1  
  47  5:18  SCV  
  47  5:19  SCV  
  49  5:22  Refinery  
  49  5:26  Siege Tank  
  52  5:39  SCV x2  
  54  5:51  Starport Tech Lab  
  54  5:57  Marine x2  
  54  5:59  Supply Depot x2  
  56  6:07  SCV x2  
  56  6:09  Sensor Tower  
  58  6:19  SCV x2  
  58  6:23  Marine x2  
  58  6:25  Cyclone  
  65  6:40  Battlecruiser  
  71  7:21  Marine x2  
  73  7:33  Barracks  
  73  7:35  Barracks  
  73  7:37  Starport  
  73  7:39  Marine  
  73  7:43  SCV  
  73  7:44  SCV  
  73  8:18  Battlecruiser  
  77  8:22  Marine  
  77  8:23  Marine  
  61  8:40  Marine  
  53  8:41  Marine  
  53  8:42  Starport Reactor  
  53  8:46  Marine x2  
  56  8:58  Marine  
  56  8:59  Marine  
  52  9:04  Marine x2  
  53  9:16  Marine  
  49  9:20  Marine  
Show
View Real Time Build Order
Export as new Build Order

blue Protoss - Winner!

Build Orders:  

Get SALT Encoding   

  12  0:15  Probe (Chrono Boost)  
  13  0:24  Probe (Chrono Boost), Pylon  
  14  0:29  Assimilator  
  14  0:33  Probe  
  15  0:45  Forge  
  15  0:46  Probe  
  16  1:01  Gateway  
  16  1:03  Probe  
  17  1:25  Pylon  
  16  1:44  Pylon  
  16  1:53  Probe (Chrono Boost), Pylon  
  17  2:02  Probe (Chrono Boost)  
  17  2:07  Probe (Chrono Boost)  
  18  2:09  Cybernetics Core  
  19  2:17  Photon Cannon  
  19  2:21  Probe  
  20  2:29  Gateway  
  20  2:33  Probe  
  20  2:36  Pylon  
  21  2:40  Zealot  
  17  3:22  Probe (Chrono Boost)  
  18  3:28  Stalker, Photon Cannon  
  18  3:32  Probe (Chrono Boost), Warp Gate  
  21  3:37  Probe (Chrono Boost)  
  22  3:43  Stalker  
  25  3:48  Probe (Chrono Boost)  
  25  3:54  Assimilator  
  25  3:56  Probe (Chrono Boost)  
  26  4:03  Probe  
  27  4:15  Probe  
  28  4:25  Stargate  
  28  4:27  Probe (Chrono Boost)  
  29  4:37  Probe (Chrono Boost)  
  30  4:42  Probe (Chrono Boost)  
  31  4:48  Nexus  
  31  4:53  Probe  
  30  5:05  Probe  
  30  5:06  Void Ray (Chrono Boost), Pylon  
  35  5:18  Pylon  
  35  5:29  Probe  
  36  5:38  Photon Cannon  
  36  5:41  Probe, Void Ray (Chrono Boost)  
  41  5:53  Probe  
  41  5:55  Assimilator  
  42  6:05  Probe  
  43  6:11  Stargate  
  43  6:17  Probe, Stalker  
  46  6:25  Probe  
  46  6:32  Void Ray (Chrono Boost)  
  47  6:38  Probe, Pylon  
  52  6:50  Probe  
  53  7:02  Probe  
  53  7:07  Photon Cannon  
  52  7:10  Photon Cannon  
  52  7:13  Void Ray  
  52  7:15  Void Ray  
  60  7:19  Stalker  
  62  7:46  Twilight Council  
  62  7:47  Pylon  
  62  7:53  Stalker  
  62  7:55  Stalker  
  66  8:03  Void Ray  
  56  8:45  Void Ray  
  60  8:52  Zealot  
  60  8:53  Zealot  
  64  9:09  Gateway  
Tags
 
Add a new tag
Caveats
  • Supply blocks, unpowered buildings, or Contaminate may cause inaccurate times.
  • Supply counts are checked every 10 seconds.